 Dungeon Crawl Stone Soup version 0.18.1-50-g88ac8fd (webtiles) character file.

576 mopl the Caller (level 7, 0/36 HPs)
             Began as a Deep Elf Summoner on July 17, 2019.
             Was an Initiate of Sif Muna.
             Slain by a gnoll
             ... wielding a +0 whip
              (2 damage)
             ... on level 4 of the Dungeon.
             The game lasted 00:12:52 (4464 turns).

mopl the Caller (Deep Elf Summoner)                 Turns: 4464, Time: 00:12:53

Health: 0/36       AC:  6    Str:  5    XL:     7   Next: 12%
Magic:  7/19       EV: 13    Int: 22    God:    Sif Muna [......]
Gold:   176        SH:  0    Dex: 15    Spells: 5 memorised, 3 levels left

rFire  . . .     SeeInvis .     l - +0 spear
rCold  . . .     Gourm    .     a - +0 robe
rNeg   + . .     Faith    .     (no shield)
rPois  .         Spirit   .     (no helmet)
rElec  .         Dismiss  .     p - +2 cloak
rCorr  .         Reflect  .     (no gloves)
SustAt .         Harm     .     g - +0 pair of boots
MR     .....     Rnd*Tele +     (no amulet)
Stlth  ++........               r - ring of positive energy
                                m - ring of teleportation (curse)

@: not resistant to hostile enchantments, unstealthy
A: no striking features
a: Renounce Religion


You were on level 4 of the Dungeon.
You worshipped Sif Muna.
Sif Muna was noncommittal.
You were hungry.

You visited 1 branch of the dungeon, and saw 4 of its levels.

You collected 176 gold pieces.

Inventory:

Hand Weapons
 j - a +1 short sword of protection
 l - a +0 spear (weapon)
 o - a +2 quarterstaff of chaos
 x - a +0 blowgun
Missiles
 f - 23 poisoned needles
 n - a throwing net (quivered)
Armour
 a - a +0 robe (worn)
 g - a +0 pair of boots (worn)
 p - a +2 cloak (worn)
 u - a +0 buckler
Jewellery
 m - a cursed ring of teleportation (left hand)
 r - a ring of positive energy (right hand)
Wands
 w - a wand of paralysis (13/24)
Scrolls
 d - 2 scrolls of teleportation
 e - a scroll of immolation
 t - a scroll of recharging
 y - a scroll of amnesia
Potions
 h - a potion of ambrosia
 i - 4 potions of curing
 s - a potion of resistance
 v - a potion of agility
 A - a potion of might
 B - a potion of cancellation
 D - 2 potions of brilliance {unknown}
Books
 b - a book of Callings

   Spells                             Type                      Level
   a - Summon Small Mammal            Summoning                    1
   b - Call Imp                       Summoning                    2
   c - Call Canine Familiar           Summoning                    3
   d - Summon Guardian Golem          Hexes/Summoning              3
   e - Summon Lightning Spire         Summoning/Air                4
   f - Summon Ice Beast               Ice/Summoning                4
Comestibles
 c - a bread ration
 q - 2 beef jerkies
 z - 4 chunks of flesh
 C - a slice of pizza


   Skills:
 - Level 2.4 Dodging
 - Level 2.4 Stealth
 + Level 0.0 Shields
 * Level 6.7 Spellcasting
 + Level 2.0 Hexes
 * Level 6.8 Summonings
 + Level 2.2 Ice Magic
 + Level 1.7 Air Magic
 + Level 0.7 Invocations


You had 3 spell levels left.
You knew the following spells:

 Your Spells              Type           Power        Failure   Level  Hunger
b - Call Imp              Summ           #####...     1%          2    None
c - Call Canine Familiar  Summ           #####...     1%          3    #......
d - Summon Ice Beast      Ice/Summ       ####....     14%         4    ###....
f - Summon Lightning Spi  Summ/Air       ####....     17%         4    ###....
g - Summon Guardian Gole  Hex/Summ       ####....     4%          3    #......


Dungeon Overview and Level Annotations

Branches:
Dungeon (4/15)
 Temple: D:4-7

Altars:
Elyvilon
Kikubaaqudgha
Okawaru
Sif Muna


Message History

Your hound bites the gnoll but does no damage.
The gnoll hits your ice beast with a whip!
Your ice beast hits the gnoll.
Your ice beast freezes the gnoll!
The gnoll dies!
The gnoll barely misses your ice beast.
Things that are here:
a mace; a leather armour Your hound barely misses the gnoll.
The gnoll hits your ice beast but does no damage.
Unknown command.
Your hound bites the gnoll.
Your ice beast hits the gnoll but does no damage.
The gnoll hits your ice beast with a spear.
Your ice beast hits the gnoll.
Your ice beast freezes the gnoll!
The gnoll dies!
Your Hexes skill increases to level 2!
There is an open door here.
Your lightning spire disappears in a puff of smoke!
The gnoll hits you with a whip.
You die...

########## ##...##.##.##...####
#........# #..)).#.##.........#
#.######.# ##..........##.###.#
#.# ####.######§........#...##.#
#.###.......<.h))...#.#.##†###.#
#........######Y#.###.#.##.###.#
#####.##### ##Y#.....#........#
#........# ##.g.#########.#####
#.##.###.###..@..## ##.# #
#.##.###.##.......## ##..#
###.#...##.#.........####...##
...>.......'.........'.......#
###.#...##.#.........####...## #
#.##.###.##.).....## ##..# #
#........###.....## ##.# #
####.##### ##...## #.# # #.#
##)# .#


You could see a gnoll, 2 friendly ice beasts and a friendly hound.

Vanquished Creatures
  An iguana (D:4)
  A hound skeleton (D:4)
  3 adders
  2 dart slugs
  An orc (D:4)
  3 ball pythons
  4 giant cockroaches
  4 goblins
  2 hobgoblins
  2 quokkas (D:3)
  9 bats
  5 giant newts
  3 kobolds
  10 rats
50 creatures vanquished.

Vanquished Creatures (collateral kills)
  Grinder (D:4)
  Duvessa (D:4)
  An ogre (D:3)
  A giant frog (D:4)
  Dowan (D:4)
  A scorpion (D:4)
  A howler monkey (D:4)
  Crazy Yiuf (D:2)
  2 orc priests (D:4)
  Terence (D:2)
  An orc wizard (D:4)
  9 gnolls
  6 adders
  An ooze (D:2)
  4 worms
  A dart slug (D:1)
  2 giant geckos (D:2)
  3 orcs
  2 giant cockroaches
  A goblin (D:2)
  5 hobgoblins
  3 kobolds
  3 ball pythons
  A bat (D:3)
  A giant newt (D:1)
  A fungus (D:2)
55 creatures vanquished.

Vanquished Creatures (others)
  A hobgoblin (D:3)
  A kobold (D:3)
2 creatures vanquished.

Grand Total: 107 creatures vanquished

Notes
Turn   | Place    | Note
--------------------------------------------------------------
     0 | D:1      | mopl the Deep Elf Summoner began the quest for the Orb.
     0 | D:1      | Reached XP level 1. HP: 10/10 MP: 6/6
   548 | D:1      | Reached XP level 2. HP: 15/15 MP: 8/8
   552 | D:1      | Learned a level 2 spell: Call Imp
   970 | D:2      | Noticed Terence
   985 | D:2      | Killed Terence
   985 | D:2      | Reached skill level 4 in Spellcasting
   985 | D:2      | Reached skill level 5 in Summonings
   985 | D:2      | Reached XP level 3. HP: 9/19 MP: 0/10
  1360 | D:2      | Found an iron altar of Okawaru.
  1370 | D:2      | Learned a level 3 spell: Call Canine Familiar
  1519 | D:2      | Reached XP level 4. HP: 24/24 MP: 2/12
  1541 | D:2      | Learned a level 4 spell: Summon Ice Beast
  1630 | D:2      | Noticed Crazy Yiuf
  1666 | D:2      | Killed Crazy Yiuf
  1747 | D:2      | Found a white marble altar of Elyvilon.
  1763 | D:2      | Reached skill level 5 in Spellcasting
  1804 | D:2      | Found an ancient bone altar of Kikubaaqudgha.
  2303 | D:3      | Noticed an ogre
  2396 | D:3      | Found a faded altar to an unknown god.
  2697 | D:3      | Reached XP level 5. HP: 24/28 MP: 8/14
  2727 | D:3      | Killed an ogre
  2727 | D:3      | Reached skill level 6 in Summonings
  2727 | D:3      | Reached skill level 1 in Ice Magic
  2737 | D:3      | Learned a level 4 spell: Summon Lightning Spire
  3572 | D:4      | Noticed Grinder
  3601 | D:4      | Killed Grinder
  3601 | D:4      | Reached skill level 6 in Spellcasting
  3601 | D:4      | Reached XP level 6. HP: 32/32 MP: 4/17
  3663 | D:4      | Learned a level 3 spell: Summon Guardian Golem
  3771 | D:4      | Reached skill level 1 in Air Magic
  3898 | D:4      | Found a deep blue altar of Sif Muna.
  3918 | D:4      | Became a worshipper of Sif Muna the Loreminder
  3952 | D:4      | Noticed Duvessa
  3952 | D:4      | Noticed Dowan
  3964 | D:4      | Killed Dowan
  3964 | D:4      | Reached skill level 1 in Hexes
  3973 | D:4      | Killed Duvessa
  4003 | D:4      | Reached skill level 2 in Ice Magic
  4184 | D:4      | Reached XP level 7. HP: 36/36 MP: 19/19
  4456 | D:4      | HP: 1/36 [orc priest/divine providence (15)]
  4460 | D:4      | Reached skill level 2 in Hexes
  4464 | D:4      | Slain by a gnoll

Skill      XL: |  1  2  3  4  5  6  7 |
---------------+----------------------+-----
Spellcasting   | 4 5 6 |  6.7
Summonings     | 5 6 |  6.8
Ice Magic      | 1 2 |  2.2
Air Magic      | 1 |  1.7
Hexes          | 1 2 |  2.0
Dodging        | |  2.4
Stealth        | |  2.4
Invocations    | |  0.7

Action                   |  1- 3 |  4- 6 |  7- 9 || total
-------------------------+-------+-------+-------++-------
Melee: Short sword       |    96 |    13 |       ||   109
       Spear             |       |   172 |    14 ||   186
 Cast: Summon Small Mamm |    10 |     1 |       ||    11
       Call Imp          |     9 |     5 |       ||    14
       Call Canine Famil |     3 |    15 |     2 ||    20
       Summon Ice Beast  |       |     9 |     2 ||    11
       Summon Lightning  |       |     3 |     2 ||     5
       Summon Guardian G |       |     1 |       ||     1
  Use: Scroll            |     7 |     9 |     1 ||    17
       Potion            |       |     1 |       ||     1
 Stab: Sleeping          |     5 |     7 |       ||    12
       Distracted        |       |     1 |       ||     1
  Eat: Chunk             |     2 |    11 |     1 ||    14
Armor: Robe              |    26 |    54 |     1 ||    81
Dodge: Dodged            |    60 |   117 |     4 ||   181
